 Dungeon Crawl Stone Soup version 0.29.1-2-gbd0b4ee654 (webtiles) character file.

Game seed: 4215179251919772823

1220 safid the Skirmisher (level 8, -5/74 HPs)
             Began as a Minotaur Hunter on Oct 26, 2022.
             Slain by an ogre
             ... wielding a +0 giant club
              (17 damage)
             ... on level 5 of the Dungeon.
             The game lasted 00:04:58 (3008 turns).

safid the Skirmisher (Minotaur Hunter)              Turns: 3008, Time: 00:04:58

Health: -5/74      AC:  8    Str: 17    XL:     8   Next: 23%
Magic:  7/7        EV: 11    Int:  6    God:
Gold:   282        SH:  0    Dex: 15    Spells: 7/7 levels left

rFire   . . .      SeeInvis .   a - +0 shortbow
rCold   . . .      Faith    .   (shield currently unavailable)
rNeg    + . .      Spirit   .   t - +2 ring mail of the Hills {Slay+5}
rPois   .          Reflect  .   (helmet restricted)
rElec   .          Harm     .   (no cloak)
rCorr   .          Rampage  .   n - +0 pair of gloves
Will    .....                   (no boots)
Stlth   +.........              (no amulet)
HPRegen 0.22/turn               s - ring of positive energy
MPRegen 0.10/turn               x - ring of flight

@: about to teleport, flying
A: horns 2, retaliatory headbutt
a: no special abilities


You were on level 5 of the Dungeon.
You visited 2 branches of the dungeon, and saw 6 of its levels.

You collected 282 gold pieces.

Inventory:

Hand Weapons
 a - a +0 shortbow (weapon)
Missiles
 o - 6 boomerangs of dispersal
 y - 2 javelins
 z - 2 throwing nets
Armour
 n - a +0 pair of gloves (worn)
 t - the +2 ring mail of the Hills (worn) {Slay+5}
   (You found it on level 3 of the Dungeon)

   Slay:      It affects your accuracy & damage with ranged weapons and melee
   (+5).
Jewellery
 s - a ring of positive energy (left hand)
 x - a ring of flight (right hand)
Wands
 B - a wand of digging (5)
Scrolls
 b - a scroll of immolation
 c - 4 scrolls of noise {unknown}
 g - 7 scrolls of identify {unknown}
 h - 2 scrolls of magic mapping {unknown}
 i - a scroll of blinking {unknown}
 j - a scroll of summoning {unknown}
 l - 3 scrolls of teleportation
 q - 2 scrolls of vulnerability {unknown}
 u - a scroll of brand weapon {unknown}
 v - 2 scrolls of poison {unknown}
 A - a scroll of enchant weapon {unknown}
Potions
 d - a potion of might {unknown}
 e - a potion of heal wounds {unknown}
 f - 2 potions of mutation {unknown}
 k - a potion of attraction {unknown}
 m - 2 potions of haste
 p - 2 potions of brilliance {unknown}
 r - a potion of flight {unknown}
 w - a potion of invisibility {unknown}


   Skills:
 - Level 8.0 Fighting
 + Level 9.4 Ranged Weapons
 - Level 2.1 Dodging
 - Level 0.7 Stealth


You had 7 spell levels left.
You didn't know any spells.
Your spell library contained the following spells:

 Spells                   Type           Power      Damage    Failure   Level
 Blink                    Tloc           0%         N/A       80%         2
 Lesser Beckoning         Tloc           0%         N/A       95%         3
 Corpse Rot               Necr/Pois/Air  0%         N/A       100%        4
 Dispel Undead            Necr           0%         3d6       100%        4
 Manifold Assault         Tloc           0%         N/A       100%        5
 Death Channel            Necr           0%         N/A       100%        6


Dungeon Overview and Level Annotations

Branches:
Dungeon (5/15)             Temple (1/1) D:4

Altars:
Ashenzari
Cheibriados
Dithmenos
Elyvilon
Fedhas
Gozag
Kikubaaqudgha
Makhleb
Nemelex Xobeh
Qazlal
Ru
Sif Muna
Trog
Uskayaw
Vehumet
Wu Jian
Xom
Yredelemnul
Zin
The Shining One


Innate Abilities, Weirdness & Mutations

You have a pair of horns on your head.
You reflexively headbutt those who attack you in melee.


Message History

The phantom hits you but does no damage.
You shoot an arrow. The arrow misses the phantom.
The phantom closely misses you. You furiously retaliate!
You headbutt the phantom. You shoot an arrow. The arrow hits the phantom.
The phantom is lightly damaged.
The phantom hits you but does no damage.
You shoot an arrow. The arrow barely misses the phantom.
The phantom hits you but does no damage.
A yak comes into view.
You shoot an arrow. The arrow hits the phantom!
The phantom is severely damaged.
The phantom hits you.
You shoot an arrow. The arrow hits the phantom!
You destroy the phantom!
The orc misses you. The orc closely misses you. You furiously retaliate!
You headbutt the orc!
You kill the orc!
You shoot an arrow. The arrow barely misses the ogre.
The arrow completely misses the yak.
The ogre hits you with a +0 giant club!
You shoot an arrow. The arrow hits the ogre!
The ogre is heavily wounded.
You shoot an arrow. The arrow barely misses the ogre.
The ogre hits you with a +0 giant club!
The yak snorts and paws the ground.
The yak closely misses you.
You shoot an arrow. The arrow hits the ogre!
The ogre is almost dead.
The ogre hits you with a +0 giant club!!
* * * LOW HITPOINT WARNING * * *
The yak gores you but does no damage.
You are too injured to fight recklessly!
You are too injured to fight recklessly!
Unknown command.
The yak attacks as you move away! The yak gores you!
* * * LOW HITPOINT WARNING * * *
As you read the scroll labelled VETHEPP VYDISO, it crumbles to dust.
You feel strangely unstable.
It was a scroll of teleportation.
The yak gores you but does no damage. The ogre hits you with a +0 giant club!
You die...

#..#..##.# .# # #
#........# ... .
.. #..###.### #.#
#. #.
#..#..)..#... ...
#. #..#.....#.#.#
⌠.⌠.#.
#.....[.[...# ....
#..#.)...#.#.# #.
#..#.YO..#... #.
#..###@### #.# #.
#........#8. .8
..... #....###.#.
.# ..##.#
####..##... ...
... ##.##.#.....#
... #..#.#8...8
....
#....###.###.... .
##............. .
##.............)..


You could see a yak and an ogre.

Vanquished Creatures
  A shadow (D:5)
  A black bear (D:4)
  An ogre (D:5)
  A phantom (D:5)
  A kobold brigand (D:4)
  3 necrophages
  4 scorpions (D:4)
  An orc priest (D:4)
  A jelly (D:4)
  3 iguanas (D:4)
  An orc wizard (D:5)
  6 adders
  A shadow imp (D:5)
  A white imp (D:5)
  3 worms
  A dart slug (D:5)
  10 orcs
  8 ball pythons
  4 bats
  9 endoplasms
  A giant cockroach (D:3)
  4 goblins
  11 hobgoblins
  4 jackals (D:2)
  5 quokkas
  5 frilled lizards
  14 kobolds
  12 rats
117 creatures vanquished.

Vanquished Creatures (others)
  5 plants (D:4)
5 creatures vanquished.

Grand Total: 122 creatures vanquished

Notes
Turn   | Place    | Note
-------+----------+-------------------------------------------
     0 | D:1      | safid the Minotaur Hunter began the quest for the Orb.
     0 | D:1      | Reached XP level 1. HP: 18/18 MP: 0/0
   122 | D:1      | Reached XP level 2. HP: 25/25 MP: 1/1
   676 | D:2      | Reached skill level 5 in Ranged Weapons
   676 | D:2      | Reached XP level 3. HP: 27/31 MP: 2/2
  1573 | D:3      | Reached XP level 4. HP: 40/40 MP: 3/3
  1596 | D:3      | Identified the +2 ring mail of the Hills {Slay+5}
  2006 | D:4      | Reached XP level 5. HP: 47/47 MP: 4/4
  2018 | D:4      | Reached skill level 5 in Fighting
  2018 | D:4      | Reached skill level 6 in Ranged Weapons
  2032 | D:4      | Reached XP level 6. HP: 35/57 MP: 5/5
  2213 | D:4      | Reached skill level 7 in Ranged Weapons
  2213 | D:4      | Found a staircase to the Ecumenical Temple.
  2244 | D:4      | Reached XP level 7. HP: 64/64 MP: 6/6
  2257 | Temple   | Entered the Ecumenical Temple
  2257 | Temple   | Found a transporter.
  2257 | Temple   | Found a transporter.
  2259 | Temple   | Found a transporter.
  2259 | Temple   | Found a transporter.
  2430 | D:4      | Found a snail-covered altar of Cheibriados.
  2793 | D:5      | Entered Level 5 of the Dungeon
  2833 | D:5      | Reached skill level 8 in Ranged Weapons
  2990 | D:5      | Noticed a shadow
  2994 | D:5      | Killed a shadow
  2995 | D:5      | Reached skill level 9 in Ranged Weapons
  2995 | D:5      | Reached XP level 8. HP: 74/74 MP: 7/7
  3008 | D:5      | Slain by an ogre

Illustrated notes

Levels and vault maps discovered:
D:1:      dpeg_arrival_tiny_a, layout_loops_ring, minmay_rat_gold_closets
D:2:      layout_loops_ring, minmay_hexomino_p4
D:3:      layout_rooms, nrook_mini_vaults
D:4:      layout_cave_pools, mainiacjoe_overflow_small_starburst,
          minmay_temple_entry_junction_2, corexii_leaking_fountain,
          minmay_crystal_room, lexackson_kobold_supper
D:5:      layout_rooms, minmay_chambers_of_fives
Temple:   hellmonk_temple_divided_pantheon

Skill      XL: |  1  2  3  4  5  6  7 |
---------------+----------------------+-----
Fighting       | 3 4 5 6 8 |  8.0
Ranged Weapons | 5 6 7 9 |  9.4
Dodging        | |  2.1
Stealth        | |  0.7

Action                   |  1- 3 |  4- 6 |  7- 9 || total
-------------------------+-------+-------+-------++-------
 Fire: Shortbow          |   106 |    84 |    94 ||   284
  Use: Scroll            |       |       |     1 ||     1
Armor: Leather armour    |    11 |     2 |       ||    13
       Ring mail         |       |     8 |    11 ||    19
Dodge: Dodged            |    35 |    22 |    16 ||    73
